 Dungeon Crawl Stone Soup version 0.27-a0-705-ga0013940fb (webtiles) character file.

Game seed: 11181384248499348206

2 gruber the Covered (level 1, -2/17 HPs)
             Began as a Gnoll Wanderer on Mar 22, 2021.
             Slain by a hobgoblin (3 damage)
             ... on level 1 of the Dungeon.
             The game lasted 00:00:22 (86 turns).

gruber the Covered (Gnoll Wanderer)                   Turns: 86, Time: 00:00:22

Health: -2/17      AC:  2    Str: 11    XL:     1   Next: 30%
Magic:  6/6        EV: 11    Int: 12    God:
Gold:   0          SH:  0    Dex: 10    Spells: 9/9 levels left

rFire    . . .     SeeInvis .   a - +0 hand axe
rCold    . . .     Faith    .   (no shield)
rNeg     . . .     Spirit   .   d - +0 robe
rPois    .         Reflect  .   (no helmet)
rElec    .         Harm     .   (no cloak)
rCorr    .         Rampage  .   (no gloves)
Will     .....                  (no boots)
Stlth    +.........             (no amulet)
HPRegen  0.05/turn              (no ring)
MPRegen  0.10/turn              (no ring)

@: no status effects
A: fangs 1, strong nose, distributed training
a: no special abilities


You were on level 1 of the Dungeon.
You visited 1 branch of the dungeon, and saw 1 of its levels.

Inventory:

Hand Weapons
 a - a +0 hand axe (weapon)
Missiles
 c - 2 silver javelins (quivered)
Armour
 d - a +0 robe (worn)
Scrolls
 b - a scroll of enchant weapon {unknown}


   Skills:
 + Level 2.3 Fighting
 + Level 0.0 Short Blades
 + Level 0.0 Long Blades
 + Level 2.3 Axes
 + Level 0.0 Maces & Flails
 + Level 0.0 Polearms
 + Level 0.0 Staves
 + Level 0.0 Slings
 + Level 0.0 Bows
 + Level 0.0 Crossbows
 + Level 2.3 Throwing
 + Level 6.4 Armour
 + Level 0.0 Dodging
 + Level 0.0 Stealth
 + Level 0.0 Shields
 + Level 0.0 Unarmed Combat
 + Level 4.8 Spellcasting
 + Level 0.0 Conjurations
 + Level 0.0 Hexes
 + Level 0.0 Summonings
 + Level 0.0 Necromancy
 + Level 0.0 Translocations
 + Level 0.0 Transmutations
 + Level 0.0 Fire Magic
 + Level 0.0 Ice Magic
 + Level 1.9 Air Magic
 + Level 0.0 Earth Magic
 + Level 0.0 Poison Magic
 + Level 0.1 Invocations
 + Level 2.3 Evocations


You had 9 spell levels left.
You didn't know any spells.
Your spell library contained the following spells:

 Spells                   Type           Power      Damage    Failure   Level
 Apportation              Tloc           6%         N/A       21%         1
 Magic Dart               Conj           12%        1d3       21%         1
 Blink                    Tloc           N/A        N/A       30%         2
 Call Imp                 Summ           3%         N/A       30%         2
 Slow                     Hex            3%         N/A       30%         2
 Mephitic Cloud           Conj/Pois/Air  4%         N/A       43%         3
 Conjure Flame            Conj/Fire      3%         6-21      52%         3
 Portal Projectile        Hex/Tloc       6%         N/A       52%         3


Dungeon Overview and Level Annotations

Branches:
Dungeon (1/15)

Altars:


Innate Abilities, Weirdness & Mutations

You have very sharp teeth.
Your uncanny sense of smell can sniff out nearby items.
Your experience applies equally to all skills.


Message History

The bat hits you. The bat barely misses you. x2
The bat misses you. The bat barely misses you. The bat hits you.
The bat closely misses you.
You barely miss the bat. The bat barely misses you. The bat hits you.
You barely miss the bat. The bat closely misses you. The bat barely misses you.
You hit the bat.
You kill the bat!
The hobgoblin misses you.
You barely miss the hobgoblin. The hobgoblin barely misses you.
You hit the hobgoblin but do no damage. The hobgoblin barely misses you.
You closely miss the hobgoblin. The hobgoblin closely misses you.
You closely miss the hobgoblin. The hobgoblin hits you.
You closely miss the hobgoblin. The hobgoblin hits you. x2
* * * LOW HITPOINT WARNING * * *
You are too injured to fight recklessly!
You are too injured to fight recklessly!
You are too injured to fight recklessly!
You are too injured to fight recklessly!
You are too injured to fight recklessly!
You are too injured to fight recklessly!
You are too injured to fight recklessly!
You are too injured to fight recklessly!
You are too injured to fight recklessly!
You are too injured to fight recklessly!
You are too injured to fight recklessly!
You are too injured to fight recklessly!
You are too injured to fight recklessly!
You are too injured to fight recklessly!
You are too injured to fight recklessly!
You are too injured to fight recklessly!
You are too injured to fight recklessly!
You are too injured to fight recklessly!
You are too injured to fight recklessly!
You are too injured to fight recklessly!
You barely miss the hobgoblin. The hobgoblin hits you.
* * * LOW HITPOINT WARNING * * *
You closely miss the hobgoblin. The hobgoblin hits you.
You die...

.....$.... .....$....
.........# . .......#
.. .....# ... #..?#
.... #...# .....
####...######......
#........KJg@.......
..#######.#######...
#.$...........#####
.(..#######.......###
.###.......###......##
.............###....#
...#######.<....#...##
###.....# .# ##....#
..#


You could see an ooze, a hobgoblin and a kobold.

Vanquished Creatures
  A ball python (D:1)
  A bat (D:1)
2 creatures vanquished.

Notes
Turn   | Place    | Note
-------+----------+-------------------------------------------
     0 | D:1      | gruber the Gnoll Wanderer began the quest for the Orb.
     0 | D:1      | gruber set off with the following items: a +0 hand axe, a
                  | +0 robe; and the following spells available to memorise:
                  | Apportation, Magic Dart, Blink, Call Imp, Slow, Mephitic
                  | Cloud, Conjure Flame, Portal Projectile
     0 | D:1      | Reached XP level 1. HP: 17/17 MP: 6/6
    86 | D:1      | Slain by a hobgoblin

Illustrated notes

Levels and vault maps discovered:
D:1:      dpeg_arrival_oval, layout_basic, serial_shops, shop,
          minmay_split_cup_large

Action                   || total
-------------------------++-------
Melee: Hand axe          ||    13
Dodge: Dodged            ||    15

Table legend: (Time is in decaauts)
 A = Elapsed time spent in this place.
 B = Non-inter-level travel time spent in this place.
 C = Inter-level travel time spent in this place.
 D = Time resting spent in this place.
 E = Time spent auto-exploring this place.
 F = Levels seen in this place.
 G = Mean time per level.
                   A        B        C        D        E       F      G
               +--------+--------+--------+--------+--------+-----+--------+
         Total |     88 |     77 |     11 |      0 |     44 |   1 |   88.0 |
       Dungeon |     88 |     77 |     11 |      0 |     44 |   1 |   88.0 |
               +--------+--------+--------+--------+--------+-----+--------+

Top non-repeatable levels by time:
     D:1: 88 daAuts
